 Dungeon Crawl Stone Soup version 0.22.0-40-g68aacdc (webtiles) character file.

217 HallandMoats the Skirmisher (level 5, -6/43 HPs)
             Began as a Demonspawn Monk on Aug 31, 2018.
             Mangled by an iguana (8 damage)
             ... on level 4 of the Dungeon.
             The game lasted 00:05:38 (3123 turns).

HallandMoats the Skirmisher (Demonspawn Monk)       Turns: 3123, Time: 00:05:38

Health: -6/43      AC: 10    Str: 12    XL:     5   Next: 61%
Magic:  8/8        EV: 12    Int: 12    God:
Gold:   100        SH:  0    Dex: 15    Spells: 8/8 levels left

rFire    . . .     SeeInvis .   h - +1 dagger (vamp)
rCold    . . .     Gourm    .   (no shield)
rNeg     . . .     Faith    .   d - +1 ring mail
rPois    .         Spirit   .   b - +0 helmet
rElec    .         Reflect  .   (no cloak)
rCorr    .         Harm     .   e - +0 pair of gloves
MR       .....                  (no boots)
Stlth    +.........             (no amulet)
HPRegen  0.14/turn              (no ring)
MPRegen  0.11/turn              (no ring)

@: no status effects
A: yellow scales 1, powered by death 2
a: no special abilities


You were on level 4 of the Dungeon.
You were not hungry.

You visited 1 branch of the dungeon, and saw 4 of its levels.

You collected 100 gold pieces.

Inventory:

Hand Weapons
 h - a +1 vampiric dagger (weapon)
Armour
 b - a +0 helmet (worn)
 d - a +1 ring mail (worn)
 e - a +0 pair of gloves (worn)
Scrolls
 a - 3 scrolls of amnesia
 c - 2 scrolls of identify
 g - a scroll of fear {unknown}
 i - a scroll of enchant weapon
 j - a scroll of teleportation {unknown}
 l - 2 scrolls of remove curse
 m - a scroll of blinking {unknown}
 n - a scroll of magic mapping
Comestibles
 f - 5 rations


   Skills:
 * Level 4.3 Fighting
 + Level 1.4 Armour
 + Level 3.3 Dodging
 - Level 1.7 Stealth
 + Level 3.3 Unarmed Combat
 * Level 2.4 Spellcasting


You had 8 spell levels left.
You didn't know any spells.
Your spell library was empty.

Dungeon Overview and Level Annotations

Branches:
Dungeon (4/15)
 Temple: D:4-7

Altars:
Yredelemnul

Annotations:
D:3 1 runed door, DASBOOMER's ghost, amateur SpVM


Innate Abilities, Weirdness & Mutations

You are partially covered in yellow scales. (AC +2)
You regenerate health from kills.


Message History

You hit the iguana but do no damage.
The iguana is moderately wounded.
The iguana barely misses you.
You barely miss the iguana.
The iguana is moderately wounded.
The iguana bites you!
You completely miss the iguana.
The iguana is moderately wounded.
The iguana bites you!
* * * LOW HITPOINT WARNING * * *
You closely miss the iguana.
The iguana is moderately wounded.
The iguana bites you!
* * * LOW HITPOINT WARNING * * *
You hit the iguana but do no damage.
The iguana is moderately wounded.
The iguana bites you but does no damage.
It was a potion of cancellation.
You feel magically purged. The iguana bites you!
You die...

##.###.....# .#
###.## ##.##.# #.#
#..## ##.#.# #.#
#.#..#####..#.###.#
###.
##...##..........
..#
##...#####......
..###.###...+#
#.#'..#.#
......l#...##
#..##.... #@.###
#_..###..
...........# #####
### ..#.###..###
#..# ###### #..#
+..... #..$ ..####
##.# ... ## #.


You could see an iguana.

Vanquished Creatures
  An orc wizard (D:3)
  5 gnolls
  3 adders
  An adder skeleton (D:4)
  4 worms (D:3)
  2 dart slugs
  4 leopard geckos
  14 orcs (D:3)
  A ball python (D:3)
  4 giant cockroaches
  11 goblins
  2 hobgoblins (D:2)
  4 jackals
  3 quokkas (D:3)
  5 bats
  5 frilled lizards
  7 kobolds
  13 rats
89 creatures vanquished.

Notes
Turn   | Place    | Note
-------+----------+-------------------------------------------
     0 | D:1      | HallandMoats the Demonspawn Monk began the quest for the Orb.
     0 | D:1      | Reached XP level 1. HP: 18/18 MP: 1/1
   177 | D:1      | Gained mutation: You regenerate a little health from kills. [demonic ancestry]
   177 | D:1      | Reached XP level 2. HP: 18/24 MP: 2/2
   866 | D:1      | Reached skill level 1 in Spellcasting
  1090 | D:2      | Reached XP level 3. HP: 10/29 MP: 4/4
  1750 | D:2      | Reached skill level 1 in Armour
  1750 | D:2      | Gained mutation: You regenerate health from kills. [demonic ancestry]
  1750 | D:2      | Reached XP level 4. HP: 28/37 MP: 6/6
  2289 | D:3      | Reached skill level 4 in Fighting
  2385 | D:3      | Gained mutation: You are partially covered in yellow scales. (AC +2) [demonic ancestry]
  2385 | D:3      | Reached XP level 5. HP: 42/42 MP: 8/8
  2645 | D:3      | Found a runed door.
  2651 | D:3      | Noticed DASBOOMER's ghost (amateur SpVM)
  3092 | D:4      | Found a basalt altar of Yredelemnul.
  3121 | D:4      | HP: 1/43 [iguana (11)]
  3123 | D:4      | Mangled by an iguana

Skill      XL: |  1  2  3  4 |
---------------+-------------+-----
Spellcasting   | 1 2 |  2.4
Unarmed Combat | 3 |  3.3
Armour         | 1 |  1.4
Dodging        | 3 |  3.3
Fighting       | 4 |  4.3
Stealth        | |  1.7

Action                   |  1- 3 |  4- 6 || total
-------------------------+-------+-------++-------
Melee: Unarmed           |   218 |       ||   218
       Dagger            |       |   310 ||   310
       Punch             |       |     8 ||     8
  Use: Potion            |     3 |     1 ||     4
       Scroll            |     5 |       ||     5
 Stab: Sleeping          |     1 |     2 ||     3
  Eat: Chunk             |     3 |     3 ||     6
       Ration            |       |     2 ||     2
Armor: Ring mail         |   120 |    91 ||   211
Dodge: Dodged            |   166 |   166 ||   332
